 Dungeon Crawl Stone Soup version 0.23.2-40-g277498a (webtiles) character file.

Game seed: 13414309223625612181

108 Fang the Skirmisher (level 4, -2/29 HPs)
             Began as a Gargoyle Berserker on Sept 10, 2019.
             Was a Believer of Trog.
             Slain by a phantom (6 damage)
             ... on level 3 of the Dungeon on Oct 14, 2019.
             The game lasted 00:02:47 (2105 turns).

Fang the Skirmisher (Gargoyle Berserker)            Turns: 2105, Time: 00:02:48

Health: -2/29      AC:  5    Str: 21    XL:     4   Next: 87%
Magic:  4/4        EV: 12    Int:  8    God:    Trog [**....]
Gold:   110        SH:  0    Dex:  9    Spells: 3/3 levels left

rFire    + . .     SeeInvis .   a - +0 hand axe
rCold    + . .     Gourm    .   (no shield)
rNeg     + . .     Faith    .   b - +0 animal skin
rPois    ∞         Spirit   .   (no helmet)
rElec    +         Reflect  .   (no cloak)
rCorr    .         Harm     .   (no gloves)
MR       .....                  (no boots)
Stlth    +.........             (no amulet)
HPRegen  0.09/turn              l - ring of protection from fire
MPRegen  0.09/turn              f - ring of protection from cold

@: berserk cooldown, slowed, very slow
A: negative energy resistance 1, electricity resistance, unbreathing,
petrification resistance, rot immunity, AC +3
a: Berserk, Trog's Hand, Renounce Religion


You were on level 3 of the Dungeon.
You worshipped Trog.
Trog was pleased with you.
You were very hungry.

You visited 1 branch of the dungeon, and saw 3 of its levels.

You collected 110 gold pieces.

Inventory:

Hand Weapons
 a - a +0 hand axe (weapon)
Armour
 b - a +0 animal skin (worn)
Jewellery
 f - a ring of protection from cold (right hand)
 l - a ring of protection from fire (left hand)
Scrolls
 d - a scroll of noise {unknown}
 i - a scroll of remove curse {unknown}
 k - a scroll of identify {unknown}
 n - 2 scrolls of teleportation {unknown}
Potions
 e - a potion of cancellation {unknown}
 g - a potion of berserk rage {unknown}
 h - a potion of brilliance {unknown}
 j - a potion of resistance {unknown}
 m - 3 potions of heal wounds {unknown}
 o - a potion of flight {unknown}
Comestibles
 c - 9 rations
 p - a chunk of flesh


   Skills:
 + Level 4.0 Fighting
 + Level 3.3 Axes
 + Level 3.3 Armour
 + Level 2.3 Dodging


You had 3 spell levels left.
You didn't know any spells.
Your spell library was empty.

Dungeon Overview and Level Annotations

Branches:
Dungeon (3/15)

Altars:
Nemelex Xobeh
Okawaru


Innate Abilities, Weirdness & Mutations

You are resistant to torment.
Your stone body is resilient. (AC +3)
You are immune to poison.
You resist negative energy. (rN+)
You are resistant to electric shocks. (rElec)
You can survive without breathing.
You are immune to petrification.
You are immune to rotting.


Message History

You swing at nothing.
You feel a strong urge to attack something.
You swing at nothing.
You swing at nothing.
You feel your anger nearly subside.
You are no longer berserk.
You are exhausted.
You feel yourself slow down.
You swing at nothing.
The hobgoblin misses you.
You hit the hobgoblin. You closely miss the phantom. The hobgoblin misses you.
The phantom misses you. The hobgoblin misses you.
You hit the hobgoblin.
You kill the hobgoblin!
Trog accepts your kill.
You closely miss the phantom. The phantom hits you.
* * * LOW HITPOINT WARNING * * *
The phantom hits you.
* * * LOW HITPOINT WARNING * * *
You hit the phantom but do no damage. The phantom closely misses you.
The phantom hits you.
You die...

#.. # #..
.. .. ...
#.#
g.#..###
..... #..#
#$## #@.#
##W# #.#
#.## #..#
##.## #>[#
#######.#
........##


You could see a phantom.

Vanquished Creatures
  An orc wizard (D:3)
  An adder (D:2)
  2 oozes
  2 dart slugs
  3 orcs (D:3)
  9 bats
  4 giant cockroaches
  4 goblins
  2 hobgoblins
  8 jackals
  2 quokkas
  A ball python (D:1)
  3 frilled lizards
  9 kobolds
  6 rats
57 creatures vanquished.

Notes
Turn   | Place    | Note
-------+----------+-------------------------------------------
     0 | D:1      | Fang the Gargoyle Berserker began the quest for the Orb.
     0 | D:1      | Reached XP level 1. HP: 14/14 MP: 1/1
    78 | D:1      | Reached XP level 2. HP: 15/19 MP: 2/2
   390 | D:1      | Reached XP level 3. HP: 23/23 MP: 3/3
   668 | D:2      | Reached ** piety under Trog
  1260 | D:2      | Found an iron altar of Okawaru.
  1355 | D:2      | Found a sparkling altar of Nemelex Xobeh.
  1483 | D:2      | Reached XP level 4. HP: 26/29 MP: 4/4
  1688 | D:3      | Reached skill level 4 in Fighting
  2082 | D:3      | Noticed a phantom
  2105 | D:3      | Slain by a phantom

Skill      XL: |  1  2  3  4 |
---------------+-------------+-----
Axes           | 3 |  3.3
Dodging        | 2 |  2.3
Armour         | 3 |  3.3
Fighting       | 4 |  4.0

Action                   |  1- 3 |  4- 6 || total
-------------------------+-------+-------++-------
Melee: Hand axe          |   138 |    59 ||   197
Invok: Berserk           |       |     1 ||     1
  Eat: Chunk             |     2 |     2 ||     4
Armor: Animal skin       |    59 |    36 ||    95
Dodge: Dodged            |   123 |    50 ||   173
